 Dungeon Crawl Stone Soup version 0.32-a0-898-g7811c86cf0 (webtiles) character file.

Game seed: 16852658330364510425

52 Lanoc the Sneak (level 3, -3/28 HPs)
             Began as a Coglin Brigand on Apr 4, 2024.
             Slain by a gnoll
             ... wielding a +0 club
              (5 damage)
             ... on level 2 of the Dungeon.
             The game lasted 00:01:38 (1244 turns).

Lanoc the Sneak (Coglin Brigand)                    Turns: 1244, Time: 00:01:40

Health: -3/28      AC:  3    Str: 11    XL:     3   Next: 85%
Magic:  3/3        EV: 11    Int: 10    God:
Gold:   115        SH:  0    Dex: 17    Spells: 2/2 levels left

rFire   . . .        a - +2 dagger {Septima}
rCold   . . .        f - +0 dagger {Udom}
rNeg    . . .        b - +0 robe
rPois   .            (no helmet)
rElec   .            c - +0 cloak
rCorr   .            (no gloves)
SInv    .            (no boots)
Will    .....        (amulet unavailable)
Stlth   +++          (ring unavailable)
HPRegen 0.24/turn    (ring unavailable)
MPRegen 0.08/turn    (no gizmo)

%: no passive effects
@: attractive
A: off-hand wielding, slow wielding, warmup strikes, no jewellery
a: Invent Gizmo


You were on level 2 of the Dungeon.
You visited 1 branch of the dungeon, and saw 2 of its levels.

You collected 115 gold pieces.

Inventory:

Hand Weapons
 a - a +2 dagger (weapon) {Septima}
 f - a +0 dagger (offhand) {Udom}
Missiles
 d - 14 poisoned darts (quivered)
 e - 3 curare-tipped darts
Armour
 b - a +0 robe (worn)
 c - a +0 cloak (worn)
Scrolls
 j - a scroll of fear {unknown}
 k - a scroll of revelation {unknown}
 m - a scroll of identify {unknown}
Potions
 g - 2 potions of attraction
 h - 2 potions of brilliance {unknown}
 i - a potion of curing {unknown}
 l - a potion of mutation {unknown}


   Skills:
 + Level 2.6 Fighting
 + Level 2.3 Short Blades
 - Level 1.7 Throwing
 + Level 1.7 Dodging
 + Level 3.6 Stealth


You had 2 spell levels left.
You didn't know any spells.
Your spell library contained the following spells:

 Spells                   Type           Power      Damage    Failure   Level
 Apportation              Tloc           0%         N/A       36%         1
 Necrotise                Necr           0%         1d4       36%         1
 Sting                    Conj/Alch      0%         1d3       36%         1
 Summon Small Mammal      Summ           0%         N/A       36%         1


Dungeon Overview and Level Annotations

Branches:
Dungeon (2/15)

Altars:


Innate Abilities, Weirdness & Mutations

You can wield a second weapon in your off-hand.
It takes a long time for you to wield or remove held weapons.
Your first few attacks do less damage.
You cannot equip rings or amulets.


Message History

You impale the adder with your +2 dagger!!
You kill the adder!
Found an escape hatch in the ceiling.
You see here an adder corpse.
Found a dagger.
There is an escape hatch in the ceiling here.
There is an escape hatch in the ceiling here.
Found 8 stones.
Found a leather armour.
A gnoll comes into view. It is wielding a +0 spear.
Found a robe.
The gnoll shouts!
You hear a shout!
An endoplasm and 3 gnolls come into view.
A gnoll is wielding a +0 club and quivering 2 throwing nets.
The gnoll shouts! x3
The endoplasm quivers.
The gnoll barely misses you.
The gnoll hits you from afar with a +0 spear.
The gnoll attacks as it pursues you! The gnoll closely misses you.
The gnoll completely misses you. The gnoll attacks as it pursues you!
The gnoll hits you with a +0 club.
The gnoll throws a throwing net.
The throwing net hits you.
You become entangled in the net!
You see here a throwing net.
You struggle against the net.
You struggle against the net.
The gnoll closely misses you. The gnoll hits you with a +0 club.
You struggle against the net.
The gnoll hits you from afar with a +0 spear.
The gnoll barely misses you.
It was a potion of attraction.
You feel attractive to monsters. The gnoll barely misses you.
The gnoll hits you but does no damage.
You rip the net and break free!
The gnoll hits you from afar with a +0 spear.
* * * LOW HITPOINT WARNING * * *
The gnoll hits you from afar with a +0 spear.
* * * LOW HITPOINT WARNING * * *
The gnoll hits you with a +0 club.
You die...

#.........##.<.#
#.#
############.###
#.# #.#### #.#
########....####
####..
#...............
#..###
#........##.####
####'##.
#.[....)..#.#
#.....#.
#...(.....#.#
#.......
#.......gg@[#
#.......
#......Jg#####..
#.......
#...............
######..
#.........g.....
#..
#######........
####.. #...J....
#..... #........
#..... #........
#..... #........
#.....


You could see 3 gnolls and an endoplasm.

Vanquished Creatures
  An adder (D:2)
  3 dart slugs
  A ribbon worm (D:2)
  4 ball pythons
  2 bats
  4 endoplasms
  3 giant cockroaches
  A hobgoblin (D:2)
  2 jackals (D:1)
  4 kobolds
  2 quokkas (D:2)
  2 frilled lizards (D:2)
  2 goblins (D:2)
  2 rats
33 creatures vanquished.

Notes
Turn   | Place    | Note
-------+----------+-------------------------------------------
     0 | D:1      | Lanoc the Coglin Brigand began the quest for the Orb.
     0 | D:1      | Reached XP level 1. HP: 16/16 MP: 1/1
    75 | D:1      | Reached skill level 1 in Dodging
   296 | D:1      | Reached XP level 2. HP: 22/22 MP: 2/2
   735 | D:2      | Reached XP level 3. HP: 28/28 MP: 3/3
  1244 | D:2      | Slain by a gnoll

Illustrated notes

Levels and vault maps discovered:
D:1:      minmay_arrival_stair_chambers, layout_loops_ring
D:2:      layout_basic, roderic_serpentine_path, minmay_small_reverse_x

Skill      XL: |  1 |
---------------+----+-----
Dodging        | 1 |  1.7
Short Blades   | 2 |  2.3
Fighting       | |  2.6
Throwing       | |  1.7
Stealth        | |  3.6

Action                     || total
---------------------------++-------
  Melee: Dagger            ||   109
    Use: Potion            ||     1
   Stab: Sleeping          ||    11
         Distracted        ||     1
 Armour: Robe              ||    36
  Dodge: Dodged            ||    41

Table legend: (Time is in decaauts)
 A = Elapsed time spent in this place.
 B = Non-inter-level travel time spent in this place.
 C = Inter-level travel time spent in this place.
 D = Time resting spent in this place.
 E = Time spent auto-exploring this place.
 F = Levels seen in this place.
 G = Mean time per level.
                   A        B        C        D        E       F      G
               +--------+--------+--------+--------+--------+-----+--------+
         Total |   1237 |   1185 |     52 |      0 |    963 |   2 |  618.5 |
       Dungeon |   1237 |   1185 |     52 |      0 |    963 |   2 |  618.5 |
               +--------+--------+--------+--------+--------+-----+--------+

Top non-repeatable levels by time:
     D:1: 722 daAuts
     D:2: 514 daAuts
